 Dungeon Crawl Stone Soup version 0.28-a0-803-g74956062c1 (webtiles) character file.

Game seed: 6303452708976498593

561 BlueGoblin the Ducker (level 7, -3/69 HPs)
             Began as an Octopode Monk on Nov 7, 2021.
             Slain by Pikel (6 damage)
             ... on level 5 of the Dungeon.
             The game lasted 00:12:58 (6409 turns).

BlueGoblin the Ducker (Octopode Monk)               Turns: 6409, Time: 00:12:59

Health: -3/69      AC: 23    Str: 12    XL:     7   Next: 31%
Magic:  4/7        EV:  2    Int: 15    God:
Gold:   893        SH:  0    Dex: 16    Spells: 5/6 levels left

rFire   . . .      SeeInvis .   c - +2 falchion (drain)
rCold   + . .      Faith    .   (no shield)
rNeg    . . .      Spirit   .   (helmet currently unavailable)
rPois   +          Reflect  .   l - amulet of the acrobat
rElec   .          Harm     .   d - ring of protection from cold
rCorr   .          Rampage  .   (no ring)
Will    .....      NoTele   +   (no ring)
Stlth   ++........              (no ring)
HPRegen 0.21/turn               (no ring)
MPRegen 0.10/turn               (no ring)
                                (no ring)
                                (no ring)

@: tree-form
A: stationary, stasis, torment immunity, boosted hp, almost no armour,
(amphibious), 8 rings, (camouflage 1), (gelatinous body 1), (nimble swimmer 1),
(tentacles), (antennae 1), clever 1, strong 1
a: no special abilities


You were on level 5 of the Dungeon.
You were a tree.
You visited 1 branch of the dungeon, and saw 5 of its levels.

You collected 893 gold pieces.

Inventory:

Hand Weapons
 a - a +0 short sword
 c - a +2 falchion of draining (weapon)
Missiles
 k - 6 poisoned darts
Jewellery
 d - a ring of protection from cold (left branch)
 l - an amulet of the acrobat (around neck)
 n - a ring of ice
 q - a ring of ice
Wands
 j - a wand of digging (2)
Scrolls
 b - a scroll of identify
 m - a scroll of teleportation
 p - a scroll of vulnerability {unknown}
Potions
 e - a potion of mutation
 f - a potion of heal wounds {unknown}
 g - 3 potions of haste
 h - a potion of cancellation
 i - a potion of flight


   Skills:
 - Level 3.0 Fighting
 - Level 3.0 Short Blades
 + Level 6.2 Dodging
 - Level 2.6 Stealth
 + Level 2.7 Conjurations
 + Level 4.1 Fire Magic


You had 5 spell levels left.
You knew the following spells:

 Your Spells              Type           Power      Damage    Failure   Level
a - Foxfire               Conj/Fire      40%        2x1d6     7%          1

Your spell library contained the following spells:

 Spells                   Type           Power      Damage    Failure   Level
 Conjure Flame            Conj/Fire      10%        6-21      21%         3
 Static Discharge         Conj/Air       4%         N/A       24%         2
 Inner Flame              Hex/Fire       6%         N/A       34%         3
 Flame Wave               Conj/Fire      10%        3d4       56%         4
 Lightning Bolt           Conj/Air       2%         1d13      99%         5
 Maxwell's Capacitive Co  Air            0%         ∞         100%        8


Dungeon Overview and Level Annotations

Branches:
Dungeon (5/15)
 Temple: D:4-7

Altars:
Elyvilon
Gozag
Hepliaklqana
Kikubaaqudgha
Nemelex Xobeh
Wu Jian

Shops:
D:1 [

Annotations:
D:5 Pikel


Innate Abilities, Weirdness & Mutations

You are a tree.
Your roots penetrate the ground, keeping you stationary.
You cannot be teleported.
You are immune to unholy pain and torment.
Your maximum health is greatly increased.
You cannot wear most types of armour.
((You are amphibious.))
You can wear up to eight rings at the same time.
((Your skin changes colour to match your surroundings (Stealth+).))
((Your rubbery body absorbs attacks. (AC +1, EV +1)))
((You are camouflaged near water. (Stealth+)))
((You have tentacles for arms and can constrict up to eight enemies at once.))
((You have a pair of small antennae on your head.))
Your mind is acute. (Int +2)
Your muscles are strong. (Str +2)


Message History

The foxfire hits Pikel.
Pikel is lightly wounded.
Pikel hits you with a +0 whip of flaming.
Pikel burns you.
You conjure some foxfire!
You constrict Pikel, but do no damage. Pikel closely misses you.
A lemure comes into view.
You hit Pikel. You drain Pikel.
Pikel is moderately wounded.
You constrict Pikel.
The foxfire hits Pikel.
Pikel is heavily wounded.
The foxfire hits Pikel but does no damage.
Pikel is heavily wounded.
Pikel hits you with a +0 whip of flaming.
Pikel burns you.
You conjure some foxfire!
You constrict Pikel, but do no damage.
Pikel hits you with a +0 whip of flaming.
Pikel burns you.
You hit Pikel but do no damage. You squeeze Pikel, but do no damage.
Pikel is heavily wounded.
You constrict Pikel, but do no damage.
The foxfire hits Pikel but does no damage.
Pikel is heavily wounded.
The foxfire hits Pikel.
Pikel is heavily wounded.
Pikel hits you with a +0 whip of flaming!
Pikel burns you.
Pikel hits you with a +0 whip of flaming!
* * * LOW HITPOINT WARNING * * *
Pikel burns you.
* * * LOW HITPOINT WARNING * * *
Your magical contamination has completely faded away.
It was a potion of flight.
You feel very buoyant.
You fly up into the air.
You constrict Pikel. Pikel closely misses you.
It was a potion of lignification.
You turn into a tree.
Your roots penetrate the ground.
You lose your grip on Pikel.
The lemure shouts!
Pikel hits you with a +0 whip of flaming.
You die...

..( +##'##'##'##'.#
#.....#.....#.....###
#. #..#.....#.....#
#.##..###'##+##'###
#..........#.##..#
............###.#
.#..###.#.### #.#
#..###.#.## #.#
#)♣.......# #.#
##K#####..# #.#
#55..##..# #.# ##
##.###.#..# #.. ..
#.## ##...# ### #.
..5K...5# #...# #.
5#.##...# ##.#.# #.
#>#..###....# #####.
............####.....


You could see Pikel (drained) and 3 lemures.

Vanquished Creatures
  A black bear (D:4)
  A necrophage (D:4)
  A lemure (D:5)
  A centaur zombie (D:3)
  A gnoll shaman (D:4)
  2 orc priests (D:3)
  Ijyb (D:2)
  2 iguanas
  3 gnolls (D:4)
  2 adders
  2 ufetubi
  An adder skeleton (D:4)
  2 worms (D:2)
  2 dart slugs
  13 orcs
  6 endoplasms
  6 giant cockroaches
  12 goblins
  6 hobgoblins
  7 jackals
  A quokka (D:2)
  8 ball pythons
  6 bats
  6 frilled lizards
  6 kobolds
  7 rats
106 creatures vanquished.

Vanquished Creatures (others)
  203 foxfires
203 creatures vanquished.

Grand Total: 309 creatures vanquished

Notes
Turn   | Place    | Note
-------+----------+-------------------------------------------
     0 | D:1      | BlueGoblin the Octopode Monk began the quest for the Orb.
     0 | D:1      | Reached XP level 1. HP: 16/16 MP: 1/1
   153 | D:1      | Found Jaruf's Armour Shop.
   231 | D:1      | Reached XP level 2. HP: 21/21 MP: 2/2
   525 | D:1      | Reached skill level 4 in Dodging
   722 | D:1      | Reached XP level 3. HP: 24/26 MP: 3/3
  1264 | D:1      | Learned a level 1 spell: Foxfire
  1951 | D:2      | Reached skill level 1 in Fire Magic
  1951 | D:2      | Reached XP level 4. HP: 27/31 MP: 0/4
  2276 | D:2      | Noticed Ijyb
  2307 | D:2      | Killed Ijyb
  2776 | D:3      | Reached skill level 5 in Dodging
  3043 | D:3      | Reached XP level 5. HP: 8/36 MP: 2/5
  3934 | D:3      | Found a hazy altar of Hepliaklqana.
  3938 | D:3      | Found an ornate altar of the Wu Jian Council.
  3943 | D:3      | Found a sparkling altar of Nemelex Xobeh.
  3944 | D:3      | Found a white marble altar of Elyvilon.
  4349 | D:3      | Identified a scroll of acquirement
  4349 | D:3      | Acquired 702 gold pieces
  4354 | D:3      | Gained mutation: Your muscles are strong. (Str +2) [potion
                  | of mutation]
  4354 | D:3      | Gained mutation: Your mind is acute. (Int +2) [potion of
                  | mutation]
  4354 | D:3      | Gained mutation: You have a pair of small antennae on your
                  | head. [potion of mutation]
  4475 | D:3      | Reached skill level 1 in Conjurations
  4659 | D:3      | Reached XP level 6. HP: 31/42 MP: 2/6
  5018 | D:4      | Noticed a necrophage
  5046 | D:4      | Killed a necrophage
  5129 | D:4      | Found an ancient bone altar of Kikubaaqudgha.
  5208 | D:4      | Reached skill level 6 in Dodging
  5611 | D:4      | Reached XP level 7. HP: 46/46 MP: 0/7
  6178 | D:5      | Entered Level 5 of the Dungeon
  6248 | D:5      | Found an opulent altar of Gozag.
  6395 | D:5      | Noticed Pikel
  6407 | D:5      | HP: 2/46 [Pikel (4)]
  6409 | D:5      | Slain by Pikel

Illustrated notes

Levels and vault maps discovered:
D:1:      dpeg_arrival_windows_large_door, layout_basic, serial_shops,
          nicolae_lakefront_shop, ebering_dispersal_statue_hall
D:2:      kennysheep_the_goblin_king, layout_basic,
          hangedman_abyss_or_decor_lesser_grid, minmay_split_cup_large
D:3:      layout_loops_ring, minitemple
D:4:      layout_rooms, lemuel_doored_altar, minmay_misc_feat_room
D:5:      layout_loops_ring, hangedman_ru_absence, mainiacjoe_overflow_24_doors,
          hex_medium, solitary_fountain, minmay_stone_trees_small, uniq_pikel

Skill      XL: |  1  2  3  4  5  6  7 |
---------------+----------------------+-----
Dodging        | 4 5 6 |  6.2
Fire Magic     | 1 2 3 4 |  4.1
Conjurations   | 1 2 |  2.7
Fighting       | |  3.0
Short Blades   | |  3.0
Stealth        | |  2.6

Action                   |  1- 3 |  4- 6 |  7- 9 || total
-------------------------+-------+-------+-------++-------
Melee: Short sword       |    74 |    73 |       ||   147
       Constrict         |    21 |    20 |     3 ||    44
       Tentacles         |    10 |    22 |     4 ||    36
       Falchion          |       |    10 |     7 ||    17
 Cast: Foxfire           |     8 |    81 |    28 ||   117
  Use: Scroll            |       |     5 |       ||     5
       Potion            |       |     2 |     2 ||     4
 Stab: Sleeping          |     7 |     2 |       ||     9
       Distracted        |       |     1 |       ||     1
Armor: Skin              |     5 |     2 |     1 ||     8
Dodge: Dodged            |    40 |    71 |     7 ||   118

Table legend: (Time is in decaauts)
 A = Elapsed time spent in this place.
 B = Non-inter-level travel time spent in this place.
 C = Inter-level travel time spent in this place.
 D = Time resting spent in this place.
 E = Time spent auto-exploring this place.
 F = Levels seen in this place.
 G = Mean time per level.
                   A        B        C        D        E       F      G
               +--------+--------+--------+--------+--------+-----+--------+
         Total |   6390 |   6216 |    174 |   1678 |   3500 |   5 | 1278.0 |
       Dungeon |   6390 |   6216 |    174 |   1678 |   3500 |   5 | 1278.0 |
               +--------+--------+--------+--------+--------+-----+--------+

Top non-repeatable levels by time:
     D:3: 1773 daAuts
     D:2: 1688 daAuts
     D:1: 1350 daAuts
     D:4: 1345 daAuts
     D:5: 231 daAuts
